 Dungeon Crawl Stone Soup version 0.18-a0-1782-gb76a692 (webtiles) character file.

600 Moloch the Poker (level 7, -2/51 HPs)
             Began as a Centaur Chaos Knight on Apr 17, 2016.
             Slain by an ogre
             ... wielding a +0 giant spiked club of chaos
              (15 damage)
             ... on level 5 of the Dungeon.
             The game lasted 00:10:04 (4872 turns).

Moloch the Poker (Centaur Chaos Knight)             Turns: 4872, Time: 00:10:05

Health: -2/51      AC:  6    Str: 17    XL:     7   Next: 18%
Magic:  6/6        EV: 11    Int: 11    God:    Xom [......]
Gold:   307        SH:  0    Dex:  8    Spells: 0 memorised, 6 levels left

rFire  + . .     SeeInvis .     a - +0 spear (chaos)
rCold  . . .     Gourm    .     x - +1 leather armour of Parts Unknown {rF+}
rNeg   . . .     Faith    .     (no shield)
rPois  .         Spirit   .     (helmet restricted)
rElec  .         Dismiss  .     n - +0 cloak
rCorr  .         Reflect  .     (no gloves)
SustAt .         Harm     .     (no barding)
MR     .....                    d - amulet of rage
Stlth  ..........               (no ring)
                                (no ring)

@: very slightly contaminated, invisible, very quick, not resistant to hostile
enchantments, extremely unstealthy
A: antennae 1, hooves 3, repulsion field 1, blurry vision 1, deformed body,
deterioration 1, speed 2, frail 1, low mp 1, tough skin 3
a: Renounce Religion, Evoke Berserk Rage


You were on level 5 of the Dungeon.
You worshipped Xom.
You were a very special plaything of Xom.
You were not hungry.

You visited 1 branch of the dungeon, and saw 5 of its levels.

You collected 307 gold pieces.

Inventory:

Hand Weapons
 a - a +0 spear of chaos (weapon)
 m - a +0 trident
Missiles
 A - 2 tomahawks (quivered)
Armour
 n - a +0 cloak (worn)
 x - the +1 leather armour of Parts Unknown (worn) {rF+}
   (You found it on level 4 of the Dungeon)

   It protects you from fire.
Jewellery
 d - an amulet of rage (around neck)
Scrolls
 b - a scroll of recharging {unknown}
 e - 4 scrolls of teleportation {unknown}
 f - a scroll of random uselessness {unknown}
 h - a scroll of enchant weapon {unknown}
 i - 6 scrolls of identify {unknown}
 l - a scroll of noise {unknown}
 o - a scroll of fear {unknown}
 y - a scroll of magic mapping {unknown}
Potions
 j - a potion of cure mutation {unknown}
 k - a potion of lignification {unknown}
 p - 4 potions of curing {unknown}
 q - a potion of agility {unknown}
 r - a potion of heal wounds {unknown}
 t - a potion of degeneration {unknown}
 v - 3 potions of berserk rage {unknown}
 w - a potion of brilliance {unknown}
 z - a potion of mutation {unknown}
Comestibles
 c - 5 bread rations
 g - 3 meat rations
 s - a royal jelly
 u - a beef jerky
 B - 9 chunks of flesh


   Skills:
 + Level 3.0 Fighting
 + Level 7.6 Polearms
 - Level 1.3 Armour
 - Level 0.6 Dodging


You had 6 spell levels left.
You didn't know any spells.

Dungeon Overview and Level Annotations

Branches:
Dungeon (5/15)
 Temple: D:4-7

Altars:
Gozag
Pakellas
Qazlal
Sif Muna
Xom
Zin

Shops:
D:2 *


Innate Abilities, Weirdness & Mutations

You have hooves in place of feet.
Armour fits poorly on your strangely shaped body.
You cover ground very quickly.
You have extremely tough skin (AC +3).
You have a pair of small antennae on your head.
You are surrounded by a mild repulsion field (EV +2).
Scrolls take you a little longer to read.
Your body sometimes deteriorates upon taking damage.
You are frail (-10% HP).
Your magical capacity is low (-10% MP).


Message History

Drink which item? (? for menu, Esc to quit)
Okay, then.
Evoke which item? (* to show all) (? for menu, Esc to quit)
Okay, then.
The ogre hits you with a giant spiked club of chaos!!
* * * LOW HITPOINT WARNING * * *
You fade into invisibility!
You are very lightly contaminated with residual magic.
Xom thinks this is hilarious!
Things that are here:
a club; a scroll labeled DAYKATOPLO
Things that are here:
a club; 6 gold pieces; a gnoll corpse
Things that are here:
a club; a scroll labeled DAYKATOPLO
Things that are here:
a club; 6 gold pieces; a gnoll corpse The ogre hits you with a giant spiked club of chaos!
You die...
Xom thinks this is hilarious!

#.###..))g#.......
#..#.###).#.......
#.#.## #..##......
#.#.# #).# .#...#
#.#.# #..# .##.##
#.#)# ...# #.#.#
.#..# #.#.##.#...
o.# #@#)## ##.##
o.. #.O.# .##.#
#o# #.<##...#.#
#ยง## #.........
#... ##.##...##
#..# #.#
.########... #.#
........<.. #.#
#######.#o #.#
#o.{


You could see an ogre.

Vanquished Creatures
  A hound (D:5)
  2 orc priests (D:5)
  A worker ant (D:4)
  6 orc wizards
  2 hound skeletons
  4 gnolls (D:5)
  6 adders
  2 oozes
  2 adder skeletons (D:4)
  A worm (D:5)
  A dart slug (D:3)
  4 giant geckos
  14 orcs
  2 giant cockroaches
  2 goblins (D:1)
  3 hobgoblins
  8 jackals
  A ball python (D:4)
  6 bats
  A giant newt (D:2)
  A jackal zombie (D:5)
  8 kobolds
  5 rats
83 creatures vanquished.

Vanquished Creatures (collateral kills)
  Eustachio (D:4)
1 creature vanquished.

Grand Total: 84 creatures vanquished

Notes
Turn   | Place    | Note
--------------------------------------------------------------
     0 | D:1      | Moloch the Centaur Chaos Knight began the quest for the Orb.
     0 | D:1      | Reached XP level 1. HP: 19/19 MP: 1/1
    69 | D:1      | XOM: butterfly on damage
   192 | D:1      | XOM: harmless Pois miscast
   273 | D:1      | Reached skill level 3 in Polearms
   357 | D:1      | Reached XP level 2. HP: 23/26 MP: 2/2
   584 | D:1      | XOM: divination: magic mapping
   617 | D:2      | Found an opulent altar of Gozag.
   617 | D:2      | Found Gozag's Platinum Reserve.
   668 | D:2      | Reached XP level 3. HP: 12/31 MP: 3/3
   978 | D:1      | XOM: harmless Fire miscast
  1115 | D:2      | Found a stormy altar of Qazlal.
  1178 | D:2      | Reached skill level 4 in Polearms
  1287 | D:2      | Found a shimmering altar of Xom.
  1449 | D:2      | You fall through a shaft!
  1512 | D:3      | Found a faded altar to an unknown god.
  1566 | D:3      | XOM: mild Chrm miscast
  1704 | D:3      | Reached XP level 4. HP: 31/38 MP: 4/4
  1716 | D:3      | XOM: 9-stop teleportation journey
  1781 | D:3      | XOM: give mutation
  1781 | D:3      | Gained mutation: Scrolls take you a little longer to read. [Xom's mischief]
  2109 | D:2      | XOM: give mutations
  2109 | D:2      | Gained mutation: You have a pair of small antennae on your head. [Xom's mischief]
  2109 | D:2      | Gained mutation: You are frail (-10% HP). [Xom's mischief]
  2109 | D:2      | Gained mutation: You are surrounded by a mild repulsion field (EV +2). [Xom's mischief]
  2309 | D:3      | Found a shimmering altar of Xom.
  2309 | D:3      | Found an oddly glowing altar of Pakellas.
  2326 | D:3      | XOM: mild Air miscast
  2331 | D:3      | XOM: medium Summ miscast
  2332 | D:3      | Noticed a smoke demon
  2473 | D:2      | XOM: stat loss: -1 Dex (7/8)
  2795 | D:4      | XOM: chaos upgrade
  2797 | D:4      | Reached skill level 5 in Polearms
  2799 | D:4      | XOM: scenery: create altars
  2805 | D:3      | Reached XP level 5. HP: 16/40 MP: 5/5
  3144 | D:4      | Got a crude leather armour
  3155 | D:4      | Identified the +1 leather armour of Parts Unknown {rF+} (You found it on level 4 of the Dungeon)
  3190 | D:4      | Found a deep blue altar of Sif Muna.
  3293 | D:4      | XOM: summons 4 hostile shadow creatures
  3390 | D:3      | XOM: colour smoke trail
  3593 | D:4      | Noticed Eustachio
  3604 | D:4      | XOM: noise
  3608 | D:4      | XOM: fog
  3644 | D:4      | Killed Eustachio
  3644 | D:4      | Reached skill level 6 in Polearms
  3644 | D:4      | Reached XP level 6. HP: 20/45 MP: 6/6
  3681 | D:4      | XOM: torment (13/45 hp)
  3739 | D:4      | XOM: give mutations
  3739 | D:4      | Gained mutation: Your magical capacity is low (-10% MP). [Xom's mischief]
  3739 | D:4      | Gained mutation: Your body sometimes deteriorates upon taking damage. [Xom's mischief]
  3972 | D:4      | Found a glowing silver altar of Zin.
  4162 | D:5      | Entered Level 5 of the Dungeon
  4170 | D:5      | XOM: blink monster(s)
  4272 | D:4      | XOM: summons 3 hostile demons
  4273 | D:4      | Noticed a rust devil
  4542 | D:5      | Reached skill level 7 in Polearms
  4694 | D:5      | Reached XP level 7. HP: 51/51 MP: 6/6
  4794 | D:5      | XOM: chaos upgrade
  4825 | D:5      | XOM: fake destruction
  4872 | D:5      | Slain by an ogre

Vault maps used:
D:1:      roderic_chinese_lattice_arrival, minmay_misc_feat_rows
D:2:      nicolae_gozag_zags_fifth_avenue, old_standard_altar, tgw_xom
D:3:      gammafunk_temple_overflow_wave, ecumenical_altar_2
D:4:      old_standard_altar, kennysheep_mini, first_bread, uniq_eustachio
D:5:      feat_on_display

Skill      XL: |  1  2  3  4  5  6 |
---------------+-------------------+-----
Polearms       | 3 4 5 6 7 |  7.6
Fighting       | |  3.0
Armour         | |  1.3
Dodging        | |  0.6

Action                   |  1- 3 |  4- 6 |  7- 9 || total
-------------------------+-------+-------+-------++-------
Melee: Spear             |   137 |   248 |    36 ||   421
       Kick              |    21 |    41 |     3 ||    65
 Stab: Paralysed         |       |     6 |       ||     6
  Eat: Chunk             |     1 |     8 |     1 ||    10
Armor: Leather armour    |    46 |    54 |     1 ||   101
Dodge: Dodged            |    35 |    59 |     5 ||    99
